 Dungeon Crawl Stone Soup version 0.25-a0-549-g6e6e6501ad (webtiles) character file.

Game seed: 15957607569688928834, levelgen mode: deterministic

574486 ReteAZ the Phalangite (level 27, -18/224 HPs)
             Began as a Merfolk Gladiator on Feb 23, 2020.
             Was a High Priest of Cheibriados.
             Killed from afar by a lich (50 damage)
             ... with a lance of force
             ... on level 5 of the Vaults.
             The game lasted 02:42:49 (58693 turns).

ReteAZ the Phalangite (Merfolk Gladiator)          Turns: 58693, Time: 02:42:49

Health: -18/224    AC: 26    Str: 31    XL:     27
Magic:  3/37       EV: 36    Int: 28    God:    Cheibriados [*****.]
Gold:   3117       SH: 23    Dex: 33    Spells: 33/46 levels left

rFire    + . .     SeeInvis .   l - +9 demon trident (vamp)
rCold    + . .     Gourm    .   N - +1 kite shield {AC+3}
rNeg     + + +     Faith    .   E - +3 scale mail of Beauty {*Slow Slay+5}
rPois    +         Spirit   .   i - -2 hat of the Alchemist {rElec rPois rF+ rC+ rN+ MR+ rMut rCorr}
rElec    +         Reflect  +   V - scarf {repulsion}
rCorr    +         Harm     .   n - +1 pair of gloves {Dex+3}
rMut     +                      R - +1 pair of boots {Stlth+}
MR       +++..                  z - +4 amulet of reflection
Stlth    ++........             W - ring of Robustness {AC+8}
HPRegen  0.47/turn              v - ring "Rykuor" {rN++ Slay+4}
MPRegen  0.25/turn

@: flayed, very slightly contaminated, repel missiles, very slow
A: change form in water, swift swim, stealthy swim
}: 2/15 runes: serpentine, barnacled
a: Bend Time, Temporal Distortion, Slouch, Step From Time, Renounce Religion


You were on level 5 of the Vaults.
You worshipped Cheibriados.
Cheibriados was extremely pleased with you.
You were not hungry.

You visited 9 branches of the dungeon, and saw 45 of its levels.
You also visited: Gauntlet, Volcano, Wizlab and Desolation.

You collected 6659 gold pieces.
You spent 3542 gold pieces at shops.

Inventory:

Hand Weapons
 a - the +8 glaive of the Guard {elec, +Rage AC+5 SInv}
   (You found it in a Gauntlet)

   Occasionally, upon striking a foe, it will discharge some electrical energy
   and cause terrible harm.
   It affects your AC (+5).
   It lets you see invisible.
   It lets you go berserk.
 l - a +9 vampiric demon trident (weapon)
 t - the +6 glaive of Iconoclasm {vorpal, rElec rC+ MR+++ Str-2}
   (You found it on level 3 of the Elven Halls)

   It inflicts extra damage upon your enemies.
   It affects your strength (-2).
   It protects you from cold.
   It insulates you from electricity.
   It affects your resistance to hostile enchantments.
 C - a +5 demon trident of flaming
Missiles
 d - 12 throwing nets
 J - 65 silver javelins (quivered)
Armour
 b - the +1 tower shield "Cilir" {Stlth+}
   (You took it off Louise on level 1 of the Elven Halls)

   It makes you more stealthy.
 i - the -2 hat of the Alchemist (worn) {rElec rPois rF+ rC+ rN+ MR+ rMut rCorr}
   (You bought it in a shop on level 9 of the Dungeon)

   It protects you from fire.
   It protects you from cold.
   It insulates you from electricity.
   It protects you from poison.
   It protects you from negative energy.
   It affects your resistance to hostile enchantments.
   It provides partial protection from all sources of acid and corrosion.
   It protects you from mutation.
   If you remove this armour, your AC will increase by 2 (26 -> 28).
 n - a +1 pair of gloves of dexterity (worn)
 E - the +3 scale mail of Beauty (worn) {*Slow Slay+5}
   (You found it on level 4 of the Dungeon)

   It affects your accuracy and damage with ranged weapons and melee attacks
   (+5).
   It may slow you when you take damage.
   If you remove this armour, your AC will decrease by 12 (26 -> 14).
 N - a +1 kite shield of protection (worn)
 R - a +1 pair of boots of stealth (worn)
 V - a scarf of repulsion (worn)
Jewellery
 h - an uncursed ring of protection from magic
 o - the ring of the Mage {Wiz MR++ Int+3}
   (You found it on level 4 of the Depths)

   [ring of wizardry]

   It improves your spell success rate.
   It affects your intelligence (+3).
   It affects your resistance to hostile enchantments.
 v - the ring "Rykuor" (right hand) {rN++ Slay+4}
   (You took it off a ragged hierophant in the Desolation of Salt)

   [ring of slaying]

   It affects your accuracy and damage with ranged weapons and melee attacks
   (+4).
   It greatly protects you from negative energy.
 w - the ring "Vaplienn" {rC+ Str+4 SInv}
   (You found it in the Desolation of Salt)

   [ring of protection from cold]

   It affects your strength (+4).
   It protects you from cold.
   It lets you see invisible.
 z - a +4 amulet of reflection (around neck)
 W - the ring of Robustness (left hand) {AC+8}
   (You bought it in a shop on level 10 of the Dungeon)

   [ring of protection]

   It affects your AC (+8).
Wands
 e - a wand of polymorph (5)
 m - a wand of disintegration (30)
 s - a wand of digging (8)
 B - a wand of clouds (13)
 D - a wand of paralysis (20)
 L - a wand of acid (60)
 S - a wand of iceblast (18)
 U - a wand of scattershot (10)
 X - a wand of enslavement (11)
Scrolls
 c - 5 scrolls of magic mapping
 g - 20 scrolls of identify
 j - 22 scrolls of remove curse
 p - 4 scrolls of enchant weapon
 r - 9 scrolls of fog
 y - 17 scrolls of teleportation
 G - a scroll of blinking
 Q - 8 scrolls of enchant armour
 Y - 8 scrolls of fear
Potions
 k - a potion of ambrosia
 u - 3 potions of invisibility
 x - a potion of brilliance
 A - 6 potions of curing
 F - 5 potions of flight
 H - 6 potions of mutation
 I - 5 potions of resistance
 M - a potion of cancellation
 O - 5 potions of might
 T - 2 potions of heal wounds
Miscellaneous
 q - a lamp of fire
Comestibles
 f - 63 rations


   Skills:
 - Level 20.0 Fighting
 - Level 26.0 Polearms
 - Level 2.2 Throwing
 - Level 12.3 Armour
 - Level 24.2 Dodging
 - Level 17.3 Shields
 - Level 10.0 Spellcasting
 + Level 11.7 Hexes
 + Level 10.0 Translocations
 + Level 10.0 Air Magic
 - Level 12.0 Invocations
 - Level 8.0 Evocations


You had 33 spell levels left.
You knew the following spells:

 Your Spells              Type           Power        Failure   Level  Hunger
a - Blink                 Tloc           N/A          1%          2    None
b - Silence               Hex/Air        ######....   2%          5    ###....
c - Deflect Missiles      Chrm/Air       #####.....   80%         6    #####..

Your spell library contained the following spells:

 Spells                   Type           Power        Failure   Level  Hunger
 Apportation              Tloc           ######       1%          1    None
 Corona                   Hex            ######.      1%          1    None
 Shock                    Conj/Air       ####         1%          1    None
 Corpse Rot               Necr/Air       N/A          1%          2    None
 Ensorcelled Hibernation  Hex/Ice        #####.       1%          2    None
 Poisonous Vapours        Pois/Air       #####.       1%          2    None
 Slow                     Hex            ######..     1%          2    None
 Swiftness                Chrm/Air       #####...     1%          2    None
 Confusing Touch          Hex            ######..     1%          3    None
 Dazzling Flash           Conj/Hex       #####.       1%          3    None
 Gell's Gravitas          Tloc           ######....   1%          3    None
 Inner Flame              Hex/Fire       #####...     1%          3    None
 Summon Guardian Golem    Hex/Summ       #####...     1%          3    None
 Tukima's Dance           Hex            ######..     1%          3    None
 Airstrike                Air            ######....   1%          4    None
 Recall                   Summ/Tloc      N/A          2%          3    None
 Static Discharge         Conj/Air       #####...     2%          3    None
 Mephitic Cloud           Conj/Pois/Air  ####....     5%          3    None
 Animate Skeleton         Necr           N/A          7%          1    None
 Beastly Appendage        Tmut           ##....       7%          1    None
 Foxfire                  Conj/Fire      ##..         7%          1    None
 Magic Dart               Conj           ##..         7%          1    None
 Pain                     Necr           ##..         7%          1    None
 Sandblast                Erth           ##....       7%          1    None
 Summon Butterflies       Summ           ##......     7%          1    None
 Summon Small Mammal      Summ           ##..         7%          1    None
 Iskenderun's Mystic Bla  Conj/Tloc      #####...     9%          4    None
 Summon Lightning Spire   Summ/Air       #####...     9%          4    None
 Call Imp                 Summ           ##......     11%         2    None
 Passwall                 Tmut/Erth      ##......     11%         2    None
 Song of Slaying          Chrm           ##......     11%         2    None
 Sticks to Snakes         Tmut           ##......     11%         2    None
 Sublimation of Blood     Necr           ##........   11%         2    None
 Metabolic Englaciation   Hex/Ice        #####.....   17%         5    ###....
 Summon Mana Viper        Hex/Summ       #####...     17%         5    ###....
 Yara's Violent Unravell  Hex/Tmut       #####.....   17%         5    ###....
 Call Canine Familiar     Summ           ##......     21%         3    None
 Conjure Flame            Conj/Fire      ##......     21%         3    None
 Ignite Poison            Fire/Tmut/Pois ##......     21%         3    None
 Ozocubu's Armour         Chrm/Ice       ##......     21%         3    None
 Spider Form              Tmut/Pois      ##........   21%         3    None
 Stone Arrow              Conj/Erth      ##....       21%         3    None
 Vampiric Draining        Necr           ##........   21%         3    None
 Lightning Bolt           Conj/Air       #####.....   24%         5    ###....
 Summon Forest            Summ/Tloc      #####.....   24%         5    ###....
 Animate Dead             Necr           N/A          56%         4    None
 Ice Form                 Ice/Tmut       ##......     56%         4    None
 Petrify                  Tmut/Erth      ##......     56%         4    None
 Sticky Flame             Conj/Fire      ##......     56%         4    None
 Summon Ice Beast         Ice/Summ       ##......     56%         4    None
 Conjure Ball Lightning   Conj/Air       #####.....   80%         6    #####..
 Agony                    Necr           ##......     88%         5    ###....
 Alistair's Intoxication  Tmut/Pois      ##......     88%         5    ###....
 Aura of Abjuration       Summ           ##........   88%         5    ###....
 Blade Hands              Tmut           ##........   88%         5    ###....
 Fireball                 Conj/Fire      ##........   88%         5    ###....
 Irradiate                Conj/Tmut      ##........   88%         5    ###....
 Iskenderun's Battlesphe  Conj/Chrm      ##......     88%         5    ###....
 Summon Demon             Summ           ##........   88%         5    ###....
 Freezing Cloud           Conj/Ice/Air   ####......   95%         6    #####..
 Eringya's Noxious Bog    Tmut/Pois      ##........   100%        6    #####..
 Hydra Form               Tmut           ##........   100%        6    #####..
 Iron Shot                Conj/Erth      ##........   100%        6    #####..
 Ozocubu's Refrigeration  Ice            ##........   100%        6    #####..
 Shadow Creatures         Summ           N/A          100%        6    #####..
 Simulacrum               Ice/Necr       ##........   100%        6    #####..
 Starburst                Conj/Fire      ##........   100%        6    #####..
 Statue Form              Tmut/Erth      ##.......    100%        6    #####..
 Haunt                    Necr/Summ      ##........   100%        7    ######.
 Malign Gateway           Summ/Tloc      #####.....   100%        7    ######.
 Ring of Flames           Chrm/Fire      ##........   100%        7    ######.
 Summon Hydra             Summ           ##........   100%        7    ######.
 Borgnjor's Revivificati  Necr           ##........   100%        8    #######
 Death's Door             Chrm/Necr      ##........   100%        8    #######
 Ignition                 Fire           ##........   100%        8    #######
 Infestation              Necr           ##........   100%        8    #######
 Necromutation            Tmut/Necr      ##........   100%        8    #######
 Shatter                  Erth           ##........   100%        9    #######
 Tornado                  Air            ######....   100%        9    #######


Dungeon Overview and Level Annotations

Branches:
Dungeon (15/15)            Temple (1/1) D:6            Lair (6/6) D:11
 Shoals (4/4) Lair:2        Snake (4/4) Lair:4        Slime (0/5) Lair:6
    Orc (2/2) D:12            Elf (3/3) Orc:2        Vaults (5/5) D:14
  Crypt (0/3) Vaults:2     Depths (5/5) D:15            Zot (0/5) Depths:5
Volcano (visited)          WizLab (visited)         Desolation (visited)
Gauntlet (visited)

Altars:
Ashenzari
Cheibriados
Dithmenos
Elyvilon
Fedhas
Gozag
Hepliaklqana
Kikubaaqudgha
Makhleb
Nemelex Xobeh
Okawaru
Qazlal
Ru
Sif Muna
Trog
Uskayaw
Vehumet
Wu Jian
Xom
Yredelemnul
Zin
The Shining One
Beogh
Jiyva
Lugonu

Shops:
D:9 [   D:10 *?=*   D:13 :   Orc:1 [   Orc:2 %[}*   Shoals:3 :   Shoals:4 !
Snake:1 *=(}%   Depths:1 =%([?   Depths:5 ?

Portals:
Hell: Depths:1 Depths:2 Depths:3 Depths:4 Depths:5
Abyss: Depths:2 Depths:3 Depths:4 Depths:5
Pandemonium: Depths:3
Ziggurat: Depths:5
Trove: D:10 (give +6 fire dragon scales)

Annotations:
D:3 2 transporters, daodarkstar's ghost, amateur DsFi
Lair:6 1 runed translucent door
Shoals:2 1 runed translucent door, WalkingCorpse's ghost, adept GnWz
Elf:1 6 runed translucent doors, exclusion: orange crystal statue
Elf:2 2 transporters, a0bad's ghost, adept MiBe


Message History

* * * LOW HITPOINT WARNING * * *
You block the entropy weaver's attack.
The entropy weaver completely misses you.
You block the entropy weaver's attack.
The titan gestures at you while chanting.
The bolt of lightning hits you. You resist.
* * * LOW HITPOINT WARNING * * *
You can feel time thicken for a moment.
You kill the red very ugly thing!
Cheibriados appreciates the change of pace.
You kill the titan!
Cheibriados appreciates the change of pace.
Your Translocations skill increases to level 10!
You feel somewhat more hungry.
Cheibriados lowers the support of your attributes as your movement quickens.
Your surroundings suddenly seem different.
A lich comes into view.
The lich casts a spell at you. The lance of force hits you!!!
You die...

############
........@L.#
...........#
#######....#
.....#
...#..#
....#..#
.....#..#
......#..#


You could see a lich.

Vanquished Creatures
  Mara (Shoals:4)
  Sojobo (Vaults:2)
  Boris (thrice) (Vaults:2 Vaults:4 Depths:3)
  Margery (Vaults:5)
  2 caustic shrikes (Depths:2)
  A golden dragon (Depths:2)
  A pearl dragon (Depths:4)
  2 tentacled monstrosities
  4 titans
  2 liches
  The ghost of pentaxis93 the Devastator, an adept TeAE of Vehumet (Shoals:4)
  2 deep elf blademasters (Elf:3)
  Gastronok (Lair:3)
  Asterion (Depths:2)
  A deep elf master archer (Elf:3)
  A kraken (Shoals:4)
  5 sphinxes
  Agnes (D:14)
  A draconian monk (Depths:5)
  Polyphemus (Shoals:4)
  4 shadow dragons
  4 storm dragons
  Roxanne (Shoals:2)
  4 tengu reavers
  Donald (Elf:1)
  3 daevas (Depths:4)
  12 vault wardens
  9 nagarajas
  11 frost giants
  11 deep elf sorcerers
  7 fire giants
  2 orc warlords (Orc:2)
  Louise (Elf:1)
  An iron dragon (Depths:5)
  A balrug (Depths:1)
  4 imperial myrmidons (Desolation)
  3 angels (Depths:4)
  Aizul (Snake:3)
  7 deep elf elementalists (Elf:3)
  A caustic shrike zombie (Depths:2)
  11 ironheart preservers
  A draconian shifter (Depths:5)
  A juggernaut zombie (Depths:3)
  5 war gargoyles
  A draconian stormcaller (Depths:5)
  2 ghouls (D:14)
  26 very ugly things
  2 spriggan defenders (Depths:3)
  17 stone giants
  A green draconian (Depths:5)
  3 entropy weavers
  Azrael (D:13)
  A vampire knight (Vaults:2)
  11 deep elf annihilators (Elf:3)
  2 halazid warlocks (Desolation)
  2 black draconians (Depths:5)
  5 deep elf demonologists
  6 spark wasps (Depths:3)
  10 purple draconians
  A minotaur (Gauntlet)
  13 ettins
  7 merfolk javelineers (Shoals:4)
  11 fire dragons
  9 deep elf death magi
  9 statues (WizLab)
  2 crystal guardians (Desolation)
  A green death (Depths:3)
  12 yaktaur captains
  2 jiangshi (Depths:4)
  11 great orbs of eyes
  8 ragged hierophants (Desolation)
  11 merfolk impalers
  21 ogre magi
  12 deep elf high priests
  2 spectral krakens (Shoals:4)
  30 vault guards
  10 peacekeepers
  8 rakshasas
  15 ice dragons
  3 servants of whispers (Desolation)
  6 spriggan air magi
  13 naga warriors
  5 hydras
  2 merfolk avatars
  3 death knights
  2 catoblepae
  12 centaur warriors
  An alligator snapping turtle (Shoals:4)
  18 anacondas
  4 merfolk aquamancers
  33 dancing weapons
  3 satyrs
  2 queen ants
  20 death yaks
  Urug (D:13)
  57 two-headed ogres
  4 deep troll shamans
  7 tengu warriors
  8 deep troll earth magi
  4 vampire magi
  5 orc high priests
  5 spriggan berserkers
  7 shock serpents
  2 sun demons (Depths:1)
  7 naga sharpshooters
  22 hell knights
  23 deep elf knights
  2 shadow wraiths
  3 small abominations
  2 fire crabs (shapeshifter)
  A salamander mystic (Snake:3)
  An iron troll (Depths:4)
  10 deep trolls
  8 skeletal warriors
  A golden dragon zombie (Depths:3)
  2 spark wasp zombies
  6 cherubim (Depths:4)
  A deep troll (shapeshifter) (Depths:2)
  7 flayed ghosts
  18 sea snakes
  2 large abominations (Elf:3)
  12 naga ritualists
  6 wizards
  14 orc knights
  2 glowing orange brains (Depths:3)
  A swamp dragon (shapeshifter) (Depths:3)
  14 deep elf archers
  20 ironbrand convokers
  8 phantasmal warriors
  7 necromancers
  3 wolf spider zombies
  A harpy (shapeshifter) (D:15)
  8 harpies
  An orb spider (shapeshifter) (Depths:5)
  66 deep elf magi
  59 ugly things
  A cyclops (shapeshifter) (Vaults:1)
  A sphinx zombie (Depths:3)
  3 orc sorcerers (Orc:2)
  5 wolf spiders
  16 mana vipers
  8 salamanders
  A fire giant zombie (Vaults:1)
  4 oklob plants (Lair:5)
  22 manticores
  12 cyclopes
  9 fauns
  An apocalypse crab (Gauntlet)
  4 elephants (Lair:4)
  13 guardian serpents
  7 merfolk sirens
  An elephant (shapeshifter) (Depths:2)
  A rust devil (Depths:3)
  2 fire giant skeletons (Depths:1)
  A smoke demon (Depths:3)
  15 vault sentinels
  40 black mambas
  2 frost giant skeletons
  Maurice (D:12)
  14 naga magi
  4 water nymphs
  A torpor snail (D:14)
  2 centaur skeletons
  A yaktaur zombie (Vaults:1)
  A gargoyle (D:11)
  A kobold demonologist (D:14)
  A spiny frog (shapeshifter) (Depths:3)
  4 spiny frogs
  5 komodo dragons
  A hellion (Depths:4)
  A redback zombie (D:14)
  An efreet (D:15)
  30 yaktaurs
  5 rime drakes
  2 hellwings
  12 freezing wraiths
  A yaktaur skeleton (Depths:1)
  A troll (shapeshifter) (D:13)
  A wind drake (shapeshifter) (Vaults:2)
  A jumping spider (shapeshifter) (Vaults:2)
  2 tengu conjurers (Depths:3)
  A guardian mummy (D:14)
  6 trolls
  A meliai (shapeshifter) (Vaults:3)
  2 red devils
  31 merfolk
  4 wind drakes
  An iron dragon simulacrum (Depths:2)
  14 hornets
  A hornet (shapeshifter) (Depths:2)
  17 blink frogs
  A hippogriff (shapeshifter) (Vaults:2)
  6 polar bears
  A tyrant leech (D:14)
  65 saltlings
  11 snapping turtles
  29 slime creatures
  7 dream sheep
  2 dream sheep (shapeshifter)
  28 hippogriffs
  Sigmund (D:3)
  An ettin zombie (Vaults:4)
  5 air elementals (Elf:1)
  A redback (shapeshifter) (Depths:3)
  2 spriggan skeletons
  26 yaks
  29 water elementals
  A spriggan (shapeshifter) (Vaults:1)
  2 wyverns (shapeshifter)
  6 redbacks (Vaults:1)
  2 shadows
  A tarantella (shapeshifter) (D:15)
  A tarantella (Vaults:1)
  11 wraiths
  17 spriggans
  14 wyverns
  A vampire (D:13)
  A hog (shapeshifter) (Depths:1)
  3 chaos spawn (Gauntlet)
  8 fire bats (Volcano)
  8 fire elementals
  Eustachio (D:5)
  A neqoxec (Gauntlet)
  8 basilisks
  5 hungry ghosts
  Menkaure (D:7)
  7 vampire mosquitoes
  10 wargs
  44 nagas
  6 soldier ants
  2 acid dragons
  2 insubstantial wisps (Lair:6)
  4 swamp worms (D:14)
  2 hell hounds (D:13)
  11 porcupines
  A floating eye (shapeshifter) (Vaults:3)
  19 water moccasins
  55 orc warriors
  4 ice beasts
  An eye of draining (D:11)
  8 sky beasts
  4 black bears
  4 phantoms
  4 human skeletons
  A black bear (shapeshifter) (Vaults:3)
  14 wolves (Lair:6)
  29 boggarts
  61 ogres
  29 centaurs
  7 crocodiles
  12 bullfrogs
  4 earth elementals
  2 human zombies (Vaults:4)
  A hornet simulacrum (D:15)
  A water moccasin zombie (D:9)
  3 scorpions
  4 killer bees
  2 troll zombies (D:12)
  13 wights
  3 electric eels
  A howler monkey (D:13)
  6 crimson imps
  6 centaur zombies
  4 bullfrog zombies
  6 lava snakes (Volcano)
  3 bullfrog skeletons
  5 hounds
  10 jellies
  33 orc priests
  An iron imp (Depths:2)
  24 orc wizards
  Natasha (thrice) (D:3)
  6 iguanas
  24 worker ants
  6 ogre zombies (D:12)
  A hound zombie (D:5)
  A mummy (D:14)
  A howler monkey zombie (D:8)
  A worker ant zombie (D:7)
  11 adders
  4 shadow imps
  5 oozes (D:10)
  An adder zombie (D:6)
  5 adder skeletons
  4 worms
  A worm (shapeshifter) (Elf:1)
  8 leopard geckos
  121 orcs
  3 ball pythons (Snake:2)
  6 bats
  3 giant cockroaches
  4 goblins
  2 hobgoblins (D:3)
  10 jackals
  7 kobolds
  3 quokkas
  4 frilled lizards
  A goblin skeleton (D:12)
  3 goblin zombies (D:12)
  2 hobgoblin skeletons (D:12)
  A hobgoblin zombie (D:12)
  A leopard gecko skeleton (D:4)
  7 orc skeletons (D:12)
  11 orc zombies (D:12)
  5 rats
  6 crawling corpses
  A fungus (Lair:4)
  3 plants
  9 tentacles (Shoals:4)
2404 creatures vanquished.

Vanquished Creatures (others)
  A deep elf master archer (Elf:3)
  A nagaraja (Snake:4)
  2 stone giants
  5 yaktaur captains
  A tengu warrior (Depths:1)
  A naga sharpshooter (Snake:4)
  2 deep elf knights
  A wizard (Vaults:2)
  3 deep elf magi
  2 cyclopes
  A vault sentinel (Vaults:5)
  A guardian serpent (Snake:4)
  11 yaktaurs
  A merfolk (Shoals:4)
  3 nagas (Snake:4)
  An orc warrior (Elf:1)
  2 boggarts
  An orc wizard (Elf:1)
  4 orcs
  7 demonic plants (Gauntlet)
  35 fungi
  60 plants
  21 tentacles (Shoals:4)
  A withered plant (D:14)
168 creatures vanquished.

Grand Total: 2572 creatures vanquished

Notes
Turn   | Place    | Note
-------+----------+-------------------------------------------
     0 | D:1      | ReteAZ the Merfolk Gladiator began the quest for the Orb.
     0 | D:1      | Reached XP level 1. HP: 16/16 MP: 1/1
    96 | D:1      | Reached XP level 2. HP: 22/23 MP: 2/2
   872 | D:2      | Reached skill level 5 in Polearms
  1059 | D:3      | Noticed Sigmund
  1061 | D:3      | Reached XP level 3. HP: 28/28 MP: 3/3
  1343 | D:3      | Found a transporter.
  1343 | D:3      | Found a transporter.
  1441 | D:3      | Killed Sigmund
  1441 | D:3      | Reached skill level 7 in Polearms
  1441 | D:3      | Reached XP level 4. HP: 24/37 MP: 4/4
  1441 | D:3      | Reached XP level 5. HP: 27/42 MP: 5/5
  1603 | D:3      | Noticed daodarkstar's ghost (amateur DsFi)
  1651 | D:3      | Noticed Natasha
  1661 | D:3      | Killed Natasha
  1661 | D:3      | Reached XP level 6. HP: 39/48 MP: 6/6
  1790 | D:2      | Reached skill level 8 in Polearms
  1977 | D:3      | Noticed Natasha
  1985 | D:3      | Killed Natasha
  2427 | D:3      | Found a shimmering blue altar of Sif Muna.
  2446 | D:3      | Reached skill level 9 in Polearms
  2454 | D:3      | Identified Sif Muna's Compendium of the Arsonist
  2470 | D:3      | Reached XP level 7. HP: 23/55 MP: 7/7
  2737 | D:3      | Noticed Natasha
  2742 | D:3      | Killed Natasha
  2965 | D:4      | Reached skill level 5 in Fighting
  3447 | D:4      | Reached skill level 10 in Polearms
  3512 | D:4      | Got an encrusted scale mail
  3523 | D:4      | Identified the +3 scale mail of Beauty {*Slow Slay+5} (You
                  | found it on level 4 of the Dungeon)
  3868 | D:5      | Entered Level 5 of the Dungeon
  4088 | D:5      | Noticed Eustachio
  4098 | D:5      | Killed Eustachio
  4098 | D:5      | Reached skill level 11 in Polearms
  4098 | D:5      | Reached XP level 8. HP: 64/64 MP: 8/8
  4457 | D:5      | Reached skill level 5 in Dodging
  4980 | D:6      | Reached skill level 1 in Armour
  5460 | D:6      | Found a staircase to the Ecumenical Temple.
  6061 | Temple   | Entered the Ecumenical Temple
  6161 | Temple   | Became a worshipper of Cheibriados the Contemplative
  6368 | D:7      | Found a hazy altar of Hepliaklqana.
  6393 | D:7      | Reached skill level 12 in Polearms
  6533 | D:7      | Noticed Menkaure
  6542 | D:7      | Killed Menkaure
  6542 | D:7      | Reached XP level 9. HP: 64/71 MP: 9/9
  6854 | D:8      | Noticed a two-headed ogre
  6866 | D:7      | Killed a two-headed ogre
  6964 | D:8      | Reached skill level 13 in Polearms
  7133 | D:8      | Reached * piety under Cheibriados
  7341 | D:8      | Reached XP level 10. HP: 79/79 MP: 10/10
  7660 | D:8      | Reached ** piety under Cheibriados
  8038 | D:9      | Found Hal Ziba's Antique Armour Emporium.
  8094 | D:9      | Noticed a centaur warrior
  8110 | D:9      | Killed a centaur warrior
  8110 | D:9      | Reached skill level 14 in Polearms
  8110 | D:9      | Reached skill level 10 in Dodging
  8110 | D:9      | Reached skill level 1 in Invocations
  8110 | D:9      | Reached skill level 1 in Evocations
  9155 | D:10     | Entered Level 10 of the Dungeon
  9161 | D:10     | Reached *** piety under Cheibriados
  9171 | D:9      | Reached XP level 11. HP: 53/87 MP: 12/12
  9749 | D:10     | Noticed a two-headed ogre
  9752 | D:10     | Killed a two-headed ogre
  9752 | D:10     | Reached skill level 15 in Polearms
 10055 | D:10     | Found a portal to a secret trove of treasure.
 10177 | D:10     | Found Otsumysi's Assorted Antiques.
 10180 | D:10     | Reached **** piety under Cheibriados
 10181 | D:10     | Found Imio's Jewellery Emporium.
 10181 | D:10     | Found Guyll's Magic Scroll Emporium.
 10185 | D:10     | Found Limnujuo's General Store.
 10372 | D:11     | Noticed a manticore
 10377 | D:11     | Killed a manticore
 10589 | D:11     | Noticed a deep elf mage
 10600 | D:11     | Killed a deep elf mage
 10699 | D:11     | Found a staircase to the Lair.
 11139 | D:11     | Reached ***** piety under Cheibriados
 11422 | Lair:1   | Entered Level 1 of the Lair of Beasts
 11887 | Lair:1   | Got a twisted hunting sling
 11888 | Lair:1   | Identified the +6 hunting sling "Eroff" {speed, +Fly Int+2
                  | Stlth-} (You found it on level 1 of the Lair of Beasts)
 11925 | Lair:1   | Reached skill level 16 in Polearms
 12182 | Lair:2   | Noticed a four-headed hydra
 12184 | Lair:2   | Reached skill level 5 in Invocations
 12184 | Lair:2   | Reached XP level 12. HP: 96/96 MP: 15/15
 12193 | Lair:2   | Killed a four-headed hydra
 12280 | Lair:2   | Reached skill level 5 in Evocations
 12495 | Lair:2   | Noticed a six-headed hydra
 12503 | Lair:2   | Killed a six-headed hydra
 12503 | Lair:2   | Reached skill level 10 in Fighting
 12560 | Lair:2   | Noticed a queen ant
 12569 | Lair:2   | Killed a queen ant
 12795 | Lair:2   | Found a staircase to the Shoals.
 13170 | Lair:3   | Noticed a death yak
 13170 | Lair:3   | Noticed a death yak
 13170 | Lair:3   | Noticed a death yak
 13170 | Lair:3   | Noticed a death yak
 13170 | Lair:3   | Noticed a death yak
 13170 | Lair:3   | Noticed a death yak
 13170 | Lair:3   | Noticed a death yak
 13171 | Lair:3   | Noticed a death yak
 13195 | Lair:3   | Noticed a death yak
 13195 | Lair:3   | Noticed a death yak
 13195 | Lair:3   | Noticed a death yak
 13195 | Lair:3   | Noticed a death yak
 13393 | Lair:3   | Found a dark tunnel.
 13398 | Volcano  | Entered a volcano
 13630 | Volcano  | Noticed a hell knight
 13630 | Volcano  | Noticed a centaur warrior
 13635 | Volcano  | Killed a centaur warrior
 13639 | Volcano  | Killed a hell knight
 13948 | Volcano  | Found a bloodstained altar of Trog.
 13971 | Volcano  | Found a radiant altar of Vehumet.
 14037 | Lair:3   | Killed a death yak
 14040 | Lair:3   | Killed a death yak
 14043 | Lair:3   | Killed a death yak
 14043 | Lair:3   | Reached skill level 17 in Polearms
 14043 | Lair:3   | Killed a death yak
 14043 | Lair:3   | Reached XP level 13. HP: 42/103 MP: 5/19
 14641 | Lair:4   | You fall into a shaft and drop 2 floors!
 14641 | Lair:6   | Entered Level 6 of the Lair of Beasts
 14864 | Lair:6   | Found a gate leading to a gauntlet.
 14884 | Gauntlet | Entered a Gauntlet
 14884 | Gauntlet | Found a transporter.
 14967 | Gauntlet | Found a transporter.
 14982 | Gauntlet | Found a transporter.
 14989 | Gauntlet | Found a transporter.
 15004 | Gauntlet | Found a transporter.
 15023 | Gauntlet | Found a transporter.
 15035 | Gauntlet | Found a transporter.
 15039 | Gauntlet | Found the +8 glaive of the Guard {elec, +Rage AC+5 SInv}
 15047 | Gauntlet | Found a transporter.
 15057 | Gauntlet | Noticed a blizzard demon
 15059 | Gauntlet | Found a transporter.
 15067 | Gauntlet | Found a large runed translucent door.
 15068 | Gauntlet | Found a large runed translucent door.
 15069 | Gauntlet | Found a large runed translucent door.
 15069 | Gauntlet | Found a large runed translucent door.
 15070 | Gauntlet | Found a runed translucent gate.
 15071 | Gauntlet | Found a transporter.
 15071 | Gauntlet | Found a runed translucent gate.
 15072 | Gauntlet | Found a runed translucent gate.
 15073 | Gauntlet | Found a large runed translucent door.
 15073 | Gauntlet | Found a large runed translucent door.
 15074 | Gauntlet | Found a large runed translucent door.
 15075 | Gauntlet | Found a large runed translucent door.
 15084 | Gauntlet | Found a large runed translucent door.
 15084 | Gauntlet | Found a large runed translucent door.
 15084 | Gauntlet | Found a runed translucent door.
 15084 | Gauntlet | Found a runed translucent door.
 15085 | Gauntlet | Found a large runed translucent door.
 15086 | Gauntlet | Found a large runed translucent door.
 15088 | Gauntlet | Found a transporter.
 15096 | Gauntlet | Found a large runed translucent door.
 15096 | Gauntlet | Found a large runed translucent door.
 15097 | Gauntlet | Found a large runed translucent door.
 15098 | Gauntlet | Found a large runed translucent door.
 15106 | Gauntlet | Found a transporter.
 15108 | Gauntlet | Found a transporter.
 15148 | Gauntlet | Found a transporter.
 15250 | Gauntlet | Found a transporter.
 15250 | Gauntlet | Found a transporter.
 15258 | Gauntlet | Got a twisted hat
 15269 | Gauntlet | Identified the +0 hat of Osisien {Str+2} (You found it in a
                  | Gauntlet)
 15286 | Gauntlet | Found a transporter.
 15824 | Gauntlet | Reached skill level 18 in Polearms
 15824 | Gauntlet | Reached XP level 14. HP: 113/113 MP: 20/20
 16276 | Lair:4   | Found a staircase to the Snake Pit.
 16349 | Lair:3   | Noticed Gastronok
 16359 | Lair:3   | Killed Gastronok
 16359 | Lair:3   | Reached skill level 19 in Polearms
 16620 | Lair:3   | Reached XP level 15. HP: 120/120 MP: 22/22
 17139 | D:12     | Noticed Maurice
 17144 | D:12     | Reached skill level 10 in Invocations
 17152 | D:12     | Killed Maurice
 17362 | D:12     | Found a staircase to the Orcish Mines.
 17539 | Orc:1    | Entered Level 1 of the Orcish Mines
 17887 | Orc:2    | Entered Level 2 of the Orcish Mines
 17898 | Orc:2    | Reached ****** piety under Cheibriados
 18080 | Orc:2    | Found a roughly hewn altar of Beogh.
 18124 | Orc:2    | Noticed an orc warlord
 18134 | Orc:2    | HP: 5/122 [soul eater/drain life[an orc sorcerer] (11)]
 18156 | Orc:2    | Found a staircase to the Elven Halls.
 18737 | Orc:2    | Reached skill level 15 in Dodging
 18780 | Orc:2    | Noticed an orc warlord
 18800 | Orc:2    | Killed an orc warlord
 18862 | Orc:2    | Found a roughly hewn altar of Beogh.
 18899 | Orc:2    | Found Hil Kang's Gadget Shoppe.
 19128 | Orc:2    | Found Ketraw's Assorted Antiques.
 19292 | Orc:2    | Reached skill level 20 in Polearms
 19333 | Orc:2    | Found Toluxug's Armour Shoppe.
 19348 | Orc:2    | Found Toyh's Food Emporium.
 19387 | Orc:2    | Killed an orc warlord
 19909 | Orc:1    | Found Godith's Armour Shoppe.
 20089 | D:9      | Bought the -2 hat of the Alchemist {rElec rPois rF+ rC+ rN+
                  | MR+ rMut rCorr} for 1180 gold pieces
 20089 | D:9      | Found the -2 hat of the Alchemist {rElec rPois rF+ rC+ rN+
                  | MR+ rMut rCorr}
 21441 | Lair:5   | Reached XP level 16. HP: 131/131 MP: 24/24
 22183 | Lair:6   | Found a runed translucent door.
 22206 | Lair:6   | Found a viscous altar of Jiyva.
 22216 | Lair:6   | Found a staircase to the Slime Pits.
 22624 | Lair:6   | Reached skill level 21 in Polearms
 22981 | Snake:1  | Entered Level 1 of the Snake Pit
 23007 | Snake:1  | Noticed a nagaraja
 23025 | Snake:1  | Killed a nagaraja
 23025 | Snake:1  | Reached skill level 5 in Armour
 23153 | Snake:1  | Found Ytunlouh's Assorted Antiques.
 23758 | Snake:1  | Found Reudocru's Food Boutique.
 23758 | Snake:1  | Found Ticewuph's Jewellery Shop.
 23759 | Snake:1  | Found Suvir Mopn's Gadget Boutique.
 23763 | Snake:1  | Found Bioskejo's Antique Weapon Shop.
 23772 | Snake:1  | Bought a +2 amulet of reflection for 150 gold pieces
 23772 | Snake:1  | Bought a +3 ring of evasion for 420 gold pieces
 24923 | Snake:2  | You fall into a shaft and drop 1 floor!
 25003 | Snake:3  | Noticed a nagaraja
 25007 | Snake:3  | Killed a nagaraja
 25031 | Snake:3  | Found an iron altar of Okawaru.
 25123 | Snake:3  | Reached XP level 17. HP: 138/139 MP: 26/26
 25152 | Snake:3  | Noticed Aizul
 25169 | Snake:3  | Killed Aizul
 25926 | Snake:3  | Reached skill level 10 in Armour
 26607 | Shoals:1 | Entered Level 1 of the Shoals
 27426 | Shoals:2 | Found a runed translucent door.
 27481 | Shoals:2 | Found a shimmering altar of Xom.
 27481 | Shoals:2 | Noticed WalkingCorpse's ghost (adept GnWz)
 27481 | Shoals:2 | Identified the cursed +3 rapier "Lymeff" {chaos, Dex+5
                  | SInv}
 27541 | Shoals:2 | Identified Roxanne's Guide on Earth
 27541 | Shoals:2 | Noticed Roxanne
 27564 | Shoals:2 | Killed Roxanne
 28960 | Shoals:3 | Reached XP level 18. HP: 132/146 MP: 27/27
 29453 | Shoals:3 | Found Ritzyot's Book Boutique.
 29645 | Shoals:4 | Entered Level 4 of the Shoals
 29755 | Shoals:4 | Found a runed translucent gate.
 29757 | Shoals:4 | Found a runed translucent gate.
 29757 | Shoals:4 | Noticed pentaxis93's ghost (adept TeAE)
 29767 | Shoals:4 | Found a runed translucent gate.
 29875 | Shoals:4 | Reached skill level 22 in Polearms
 30255 | Shoals:4 | Noticed Polyphemus
 30277 | Shoals:4 | Killed Polyphemus
 30405 | Shoals:4 | Noticed Mara
 30412 | Shoals:4 | Found Cedothai's Distillery.
 30467 | Shoals:4 | Reached skill level 23 in Polearms
 30790 | Shoals:4 | Noticed ReteAZ's illusion
 30806 | Shoals:4 | Killed Mara
 31263 | Shoals:4 | Reached skill level 24 in Polearms
 31698 | Shoals:4 | Got a barnacled rune of Zot
 32042 | Shoals:4 | Killed pentaxis93's ghost
 32224 | Shoals:4 | Got a sparkling amber ring
 32226 | Shoals:4 | Identified the ring "Eno Ifun" {*Corrode +Fly rElec rC+
                  | Str+4} (You found it on level 4 of the Shoals)
 32495 | Snake:4  | Entered Level 4 of the Snake Pit
 32552 | Snake:4  | Reached XP level 19. HP: 148/153 MP: 28/28
 32581 | Snake:4  | Reached skill level 15 in Fighting
 33436 | Snake:4  | HP: 6/159 [anaconda (4)]
 34250 | Snake:4  | Got a serpentine rune of Zot
 34832 | D:13     | Noticed Azrael
 34836 | D:13     | Killed Azrael
 34893 | D:13     | Paralysed by a hornet for 1 turns
 34901 | D:13     | Found Wymabrym's Book Shop.
 34912 | D:13     | Noticed Urug
 34919 | D:13     | Killed Urug
 35760 | D:14     | Noticed Agnes
 35775 | D:14     | Killed Agnes
 36278 | D:14     | Reached XP level 20. HP: 139/172 MP: 29/29
 36518 | D:14     | Found a gate to the Vaults.
 36608 | D:15     | Entered Level 15 of the Dungeon
 37259 | D:15     | Found a staircase to the Depths.
 37435 | Elf:1    | Entered Level 1 of the Elven Halls
 37496 | Elf:1    | Identified the +1 tower shield "Cilir" {Stlth+}
 37496 | Elf:1    | Noticed Louise
 37505 | Elf:1    | Killed Louise
 37743 | Elf:1    | Noticed Donald
 37748 | Elf:1    | Killed Donald
 37877 | Elf:1    | Reached skill level 1 in Shields
 38692 | Elf:1    | Found a runed translucent gate.
 38692 | Elf:1    | Found a runed translucent gate.
 38692 | Elf:1    | Found a runed translucent gate.
 38692 | Elf:1    | Found a runed translucent gate.
 38692 | Elf:1    | Found a runed translucent gate.
 38694 | Elf:1    | Found a runed translucent gate.
 38785 | Elf:2    | Found a transporter.
 38787 | Elf:2    | Noticed a0bad's ghost (adept MiBe)
 38801 | Elf:2    | Reached skill level 5 in Shields
 38813 | Elf:2    | Found a transporter.
 39332 | Elf:2    | Found a huge runed translucent gate.
 39332 | Elf:2    | Found a huge runed translucent gate.
 39342 | Elf:2    | Found a huge runed translucent gate.
 39390 | Elf:2    | Found a huge runed translucent gate.
 39390 | Elf:2    | Found a huge runed translucent gate.
 39729 | Elf:3    | Entered Level 3 of the Elven Halls
 39871 | Elf:3    | Reached XP level 21. HP: 183/183 MP: 30/30
 39901 | Elf:3    | Reached skill level 10 in Shields
 40327 | Elf:3    | Identified the Reference Book on Boosting Companions
 40378 | Elf:3    | Identified the Reference Book on the Ashen Entourage
 40390 | Elf:3    | Identified the +6 glaive of Iconoclasm {vorpal, rElec rC+
                  | MR+++ Str-2} (You found it on level 3 of the Elven Halls)
 41105 | Depths:1 | Entered Level 1 of the Depths
 41106 | Depths:1 | Found Icuhu Juzxaa's Jewellery Shop.
 41136 | Depths:1 | Found Analiopo's Food Boutique.
 41149 | Depths:1 | Found Gisiuwn's Antique Weapon Shop.
 41631 | D:10     | Bought the ring of Robustness {AC+8} for 1792 gold pieces
 41631 | D:10     | Found the ring of Robustness {AC+8}
 41761 | Vaults:1 | Entered Level 1 of the Vaults
 41809 | Vaults:1 | You fall into a shaft and drop 1 floor!
 41892 | Vaults:2 | Noticed Boris
 41903 | Vaults:2 | Reached XP level 22. HP: 144/190 MP: 20/31
 41905 | Vaults:2 | Killed Boris
 41905 | Vaults:2 | Reached skill level 15 in Shields
 42132 | Vaults:1 | Found a magical portal.
 43918 | WizLab   | Identified Iskenderun's Papyrus of Battle Magic
 43918 | WizLab   | Identified Iskenderun's Almanac of Conjuration
 45501 | Vaults:2 | Found a staircase to the Crypt.
 45692 | Vaults:2 | Reached XP level 23. HP: 196/196 MP: 32/32
 45799 | Vaults:2 | Noticed Sojobo
 45814 | Vaults:2 | Killed Sojobo
 46925 | Vaults:3 | Paralysed by a floating eye for 2 turns
 48225 | Vaults:4 | Noticed Boris
 48251 | Vaults:4 | Killed Boris
 48251 | Vaults:4 | Reached skill level 25 in Polearms
 48251 | Vaults:4 | Reached XP level 24. HP: 146/204 MP: 32/32
 48263 | Vaults:4 | Found a ruined gateway.
 48282 | Desolati | Entered the Desolation of Salt
 48452 | Desolati | Identified the ring "Rykuor" {rN++ Slay+4}
 48589 | Desolati | Identified Ogauwno's Catalogue of the Frostbite and Arcane
                  | Weapons
 48787 | Desolati | Identified the ring "Vaplienn" {rC+ Str+4 SInv} (You found
                  | it in the Desolation of Salt)
 49045 | Desolati | Identified the Catalogue of the Bewitching Glacier
 49058 | Desolati | Identified the Grimoire of Unstable Flight
 49060 | Desolati | Identified Gituobey's Compendium of Feathers
 50512 | Depths:1 | Reached skill level 26 in Polearms
 50544 | Depths:1 | Learned a level 2 spell: Blink
 50555 | Depths:1 | Reached skill level 1 in Spellcasting
 50569 | Depths:1 | Learned a level 5 spell: Silence
 50781 | Depths:1 | Reached skill level 1 in Hexes
 50784 | Depths:1 | Reached skill level 1 in Translocations
 50784 | Depths:1 | Reached skill level 1 in Air Magic
 50880 | Depths:1 | Found Mem Irhinn's Magic Scroll Shop.
 50948 | Depths:1 | Found Pioskyrph's Armour Boutique.
 51128 | Depths:1 | Reached XP level 25. HP: 210/210 MP: 32/32
 51180 | Depths:1 | Learned a level 6 spell: Deflect Missiles
 51214 | Depths:1 | Got a fine jade ring
 51215 | Depths:1 | Identified the ring "Gawel" {+Blink +Fly Int-4 Dex+3
                  | Slay-6} (You found it on level 1 of the Depths)
 51600 | Depths:1 | Found a gateway to Hell.
 52062 | Depths:2 | Reached skill level 5 in Spellcasting
 52069 | Depths:2 | Reached skill level 5 in Hexes
 52087 | Depths:2 | Found a one-way gate to the infinite horrors of the Abyss.
 52399 | Depths:2 | Noticed Asterion
 52415 | Depths:2 | Killed Asterion
 53091 | Depths:1 | Reached skill level 5 in Translocations
 53147 | Depths:3 | Reached skill level 5 in Air Magic
 53257 | Depths:3 | Paralysed by a floating eye for 3 turns
 53558 | Depths:3 | Found a one-way gate leading to the halls of Pandemonium.
 53947 | Depths:3 | Reached XP level 26. HP: 218/218 MP: 33/33
 54111 | Depths:3 | Noticed Boris
 54130 | Depths:3 | Killed Boris
 56715 | Depths:4 | Found the ring of the Mage {Wiz MR++ Int+3}
 56761 | Depths:4 | Found a glowing silver altar of Zin.
 57075 | Depths:5 | Entered Level 5 of the Depths
 57075 | Depths:5 | Found Teahuin's Magic Scroll Shop.
 57409 | Depths:5 | Found a corrupted altar of Lugonu.
 57440 | Depths:5 | Found a gateway to a ziggurat.
 57571 | Depths:5 | Reached skill level 10 in Hexes
 57599 | Depths:5 | Reached XP level 27. HP: 224/224 MP: 36/36
 57627 | Depths:5 | Found a gate to the Realm of Zot.
 58498 | Vaults:5 | Entered Level 5 of the Vaults
 58543 | Vaults:5 | Reached skill level 10 in Spellcasting
 58575 | Vaults:5 | Noticed Margery
 58588 | Vaults:5 | Killed Margery
 58676 | Vaults:5 | HP: 8/224 [titan/the air (17)]
 58688 | Vaults:5 | Reached skill level 10 in Air Magic
 58692 | Vaults:5 | Reached skill level 10 in Translocations
 58693 | Vaults:5 | Killed from afar by a lich

Levels and vault maps discovered:
D:1:      roderic_dead_forest, layout_rooms
D:2:      layout_basic
D:3:      layout_rooms, gammafunk_ghost_gnarly_gnolls, first_ration,
          led_sif_book, uniq_natasha, uniq_sigmund
D:4:      layout_basic
D:5:      kennysheep_big_flooded_room, layout_basic, uniq_eustachio
D:6:      layout_cave_pools, minmay_temple_entry_waves, serial_bayou_ford_a
D:7:      layout_basic, lemuel_doored_altar, uniq_menkaure
D:8:      layout_cave_pools, serial_glass, glass_columns_b, glass_columns_b
D:9:      layout_long_grid, serial_shops, nicolae_shop_stone
D:10:     layout_basic, trove_entry_hex_spiral, minmay_shop_grid_forest,
          hangedman_little_slice_of_home
D:11:     layout_basic, due_lair_maze_entry_diamond, feat_on_display
D:12:     layout_cave_pools, zombieorc2_lemuel, uniq_maurice
D:13:     layout_basic, serial_shops, shop, uniq_urug, uniq_azrael
D:14:     layout_loops_ring, david_vaults_5, serial_undead, serial_undead_e,
          serial_undead_a, serial_undead_c, serial_undead_a, serial_undead_b,
          serial_undead_f, minmay_misc_feat_doors, worms_lemuel, uniq_agnes
D:15:     gammafunk_enter_depths_forms, layout_long_grid
Temple:   kilobyte_greek_temple
Lair:1:   layout_hall_layers
Lair:2:   layout_roguey, elwin_shoals_entry_rocks, minmay_another_anthill
Lair:3:   layout_gridlike, enter_volcano_4, uniq_gastronok
Lair:4:   layout_roguey [special_room_mythical_zoo],
          minmay_snake_entry_guardpost_small, grunt_megastairs_4
Lair:5:   layout_loops_ring, grunt_megastairs_2, infiniplex_staircase_pool_2,
          lemuel_fruit_tree, minmay_lair_oklob_chamber
Lair:6:   minmay_lair_end_enchanted_forest, layout_misc_corridors,
          slime_altar_2, gauntlet_entry_generic, grunt_forest_stairs_basic,
          pond, serial_bayou_shore_b
Shoals:1: layout_shoals
Shoals:2: layout_shoals, ebering_ghost_xom, uniq_roxanne
Shoals:3: cheibrodos_shoals_roost, layout_shoals, serial_shops,
          nicolae_shop_trees
Shoals:4: shoals_end_hangedman, layout_shoals, ebering_ghost_davey_jones,
          serial_shops, nicolae_shop_waterfront, nicolae_shoals_mertower,
          uniq_polyphemus, uniq_mara
Snake:1:  layout_chambers, serial_shops, shop, minmay_shoptagon
Snake:2:  layout_concentric_octagons, grunt_ministairs_10, nicolae_snake_springs
Snake:3:  layout_gridlike, basic_altar, serial_bayou, serial_bayou_crossing,
          serial_bayou_pond_b, serial_bayou_pond_d, serial_bayou_lagoon_b,
          nicolae_snake_shapes, uniq_aizul
Snake:4:  grunt_snake_rune_serpentine_throne, layout_basic
Orc:1:    layout_caves, serial_shops, shop, statue_in_the_mist_lemuel
Orc:2:    pubby_orc_utopia
Elf:1:    minmay_the_grid_octo_tiled_octocenter [minmay_the_grid_octo_checkered,
          minmay_the_grid_octo_vomiting_pacman, minmay_the_grid_octo_odd_swirl,
          minmay_the_grid_octo_clover, minmay_the_grid_octo_prize_big_c,
          minmay_the_grid_square_5x5_moneybag, minmay_the_grid_square_5x5_c,
          minmay_the_grid_square_5x5_one_wall,
          minmay_the_grid_square_5x5_longway], layout_onion_city, orc_legates,
          minivault_16, uniq_donald, uniq_louise
Elf:2:    layout_onion_city, gammafunk_ghost_arena
Elf:3:    minmay_elf_hall_four_x, layout_gridlike
Vaults:1: v_misc_17, hangedman_vaults_snaps, v_misc_28,
          nicolae_vaults_border_crossing, hangedman_vaults_cutoff,
          nicolae_vaults_little_squares_5, vaults_mumra_bighexcomb, v_misc_5,
          layout_vaults_omnigrid, mu_enter_wizlab_1
Vaults:2: nicolae_vaults_twisting_passages, nicolae_vaults_little_squares_6,
          v_misc_26, nicolae_vaults_theta, minmay_crypt_entry_simple_walls,
          dpeg_vaults_monster_box, vaults_room_octagon, nicolae_vaults_arrows,
          ontoclasm_vaults_gallery, vaults_mumra_minichess_inversion,
          nicolae_vaults_little_squares_1, ontoclasm_vaults_tryst,
          layout_vaults_maze_bifur, uniq_sojobo, uniq_boris
Vaults:3: hangedman_vaults_locks, v_misc_5, nicolae_vaults_circle_grid_b,
          ontoclasm_vaults_idyll, nicolae_vaults_mini_display_case,
          nicolae_vaults_disjoint_gnomons, nicolae_vaults_little_squares_6,
          v_alt_pattern_2, vaults_room_corners, nicolae_vaults_little_ls,
          nicolae_vaults_little_squares_2, vaults_mumra_chevron_long,
          layout_vaults_ring
Vaults:4: hangedman_vaults_stagger, ontoclasm_vaults_spin, v_misc_26,
          hangedman_vaults_restitches, ontoclasm_vaults_shuriken,
          hangedman_vaults_hard_town_square,
          nicolae_vaults_windows_and_doors_thing, v_misc_2,
          nicolae_vaults_ring_of_whatevers, ontoclasm_vaults_ligature,
          layout_vaults_omnibox, portal_desolation_entry_salt
Vaults:5: serial_shops, uniq_margery
Depths:1: minmay_haunted_quarter, layout_cave_pools, lightli_too_deep,
          kennysheep_doodads, serial_shops, shop_scrolls, shop,
          nicolae_shop_trees, nicolae_shop_stone, nicolae_shop_waterfront,
          grunt_tough_drop
Depths:2: minmay_expanding_squares, layout_gridlike, grunt_hell_entry_dis_old,
          abyss_entry, chequers_serial_rivers_micro_c, uniq_asterion
Depths:3: minmay_nested_s, layout_basic, abyss_entry, rand_demon_pan_entry_7,
          hell_entry, minmay_misc_feat_plants,
          infiniplex_staircase_spiral_double
Depths:4: evilmike_silver_temple, layout_small_grid, hellmouth_1, abyss_entry,
          hangedman_decor_clover_reticule, infiniplex_staircase_pillars_1
Depths:5: grunt_zot_entry_bicorn, layout_gridlike, enter_ziggurat_c,
          grunt_decor_resistance, serial_shops, shop, pf_coc_iceberg,
          abyss_entry_flame_altar

Skill      XL: |  1  2  3  4  5  6  7  8  9 10 11 12 13 14 15 16 17 18 19 20 21 22 23 24 25 26 27 |
---------------+----------------------------------------------------------------------------------+-----
Polearms       | 5 7 9 11 12 13 14 16 17 18 19 20 21 24 25 26 | 26.0
Fighting       | 4 6 7 8 9 10 11 12 13 14 18 20 | 20.0
Dodging        | 6 9 10 12 13 14 15 16 18 22 24 | 24.2
Armour         | 1 2 3 4 8 12 | 12.3
Invocations    | 2 5 8 9 11 12 | 12.0
Evocations     | 2 4 7 8 |  8.0
Shields        | 9 14 17 | 17.3
Spellcasting   | 3 6 9 10 | 10.0
Hexes          | 2 7 10 11 | 11.7
Translocations | 2 5 8 10 | 10.0
Air Magic      | 2 5 8 10 | 10.0
Throwing       | |  2.2

Action                   |  1- 3 |  4- 6 |  7- 9 | 10-12 | 13-15 | 16-18 | 19-21 | 22-24 | 25-27 || total
-------------------------+-------+-------+-------+-------+-------+-------+-------+-------+-------++-------
Melee: Trident           |    97 |       |       |       |       |       |       |       |       ||    97
       Scythe            |       |    67 |   190 |   417 |   107 |       |       |       |       ||   781
       Spear             |       |       |       |    13 |     5 |     5 |       |       |       ||    23
       Glaive            |       |       |       |       |   636 |   965 |   650 |       |       ||  2251
       Tailslap          |       |       |       |       |     3 |    31 |     1 |     6 |     2 ||    43
       Demon trident     |       |       |       |       |       |       |   564 |  2006 |  1521 ||  4091
 Fire: Hunting sling     |       |       |   123 |    37 |     2 |   232 |       |       |       ||   394
Throw: Throwing net      |       |     1 |       |     1 |       |     3 |       |       |       ||     5
       Dart              |       |       |       |     4 |     1 |       |       |       |       ||     5
       Javelin           |       |       |       |       |       |    10 |       |    41 |     3 ||    54
Invok: Slouch            |       |       |       |     6 |     7 |     6 |    14 |     7 |    12 ||    52
Evoke: Wand              |       |       |       |     2 |     4 |    18 |     1 |     1 |     4 ||    30
  Use: Potion            |     4 |       |       |     1 |     8 |     2 |     1 |       |     4 ||    20
       Scroll            |       |       |       |    26 |     9 |     9 |    13 |     7 |     8 ||    72
 Stab: Sleeping          |     1 |       |       |       |     5 |     2 |     2 |     4 |     9 ||    23
       Invisible         |     3 |       |       |       |     5 |       |       |       |       ||     8
       Distracted        |       |       |       |       |     2 |       |     4 |     5 |     7 ||    18
       Petrified         |       |       |       |       |       |     2 |     3 |       |       ||     5
       Petrifying        |       |       |       |       |       |     1 |       |       |       ||     1
       Confused          |       |       |       |       |       |       |       |       |     1 ||     1
  Eat: Chunk             |     2 |     1 |    16 |     9 |    12 |    14 |    16 |    13 |    15 ||    98
       Ration            |       |       |     1 |     1 |     1 |     2 |     2 |     2 |     1 ||    10
Armor: Leather armour    |    15 |       |       |       |       |       |       |       |       ||    15
       Robe              |       |    21 |     4 |       |       |       |       |       |       ||    25
       Scale mail        |       |       |    92 |   145 |   144 |   146 |   101 |   120 |   131 ||   879
Dodge: Dodged            |    52 |    53 |   159 |   479 |   696 |  1165 |   778 |   925 |   746 ||  5053
       Deflected         |       |       |       |       |       |    59 |    82 |    17 |    21 ||   179
Block: Other             |       |       |       |       |       |    43 |    23 |       |       ||    66
       Reflection        |       |       |       |       |       |     9 |    37 |   110 |    72 ||   228
       Kite shield       |       |       |       |       |       |       |   235 |  1207 |   779 ||  2221
       Tower shield      |       |       |       |       |       |       |       |       |   415 ||   415

Table legend:
 A = Non-vault XP
 B = Vault XP
 C = Vault XP percentage of total XP
 D = Non-vault monster count
 E = Vault monster count
 F = Vault count percentage of total count
                 A         B        C        D         E       F
            +---------+---------+-------+---------+---------+-------
      Total |  626889 |  703056 |  52.9 |    1293 |    1128 |  46.6
            +---------+---------+-------+---------+---------+-------
        D:1 |      24 |       0 |   0.0 |      14 |       0 |   0.0
        D:2 |     126 |       0 |   0.0 |       7 |       0 |   0.0
        D:3 |     179 |     348 |  66.0 |      21 |       4 |  16.0
        D:4 |     325 |       0 |   0.0 |      16 |       0 |   0.0
        D:5 |     446 |     209 |  31.9 |      20 |       3 |  13.0
        D:6 |     584 |       0 |   0.0 |      14 |       0 |   0.0
        D:7 |    1327 |     169 |  11.3 |      12 |       1 |   7.7
        D:8 |    1791 |       0 |   0.0 |      29 |       0 |   0.0
        D:9 |    3611 |       0 |   0.0 |      25 |       0 |   0.0
       D:10 |    2181 |     164 |   7.0 |      20 |       8 |  28.6
       D:11 |    4132 |    1326 |  24.3 |      28 |      10 |  26.3
       D:12 |    5869 |    1329 |  18.5 |      31 |      37 |  54.4
       D:13 |    7716 |    3070 |  28.5 |      41 |       7 |  14.6
       D:14 |    8867 |   13560 |  60.5 |      24 |      21 |  46.7
       D:15 |   11355 |    3408 |  23.1 |      33 |      10 |  23.3
     Lair:1 |    1069 |       0 |   0.0 |       5 |       0 |   0.0
     Lair:2 |    4074 |    1764 |  30.2 |      11 |      20 |  64.5
     Lair:3 |   12780 |    2442 |  16.0 |      26 |       1 |   3.7
     Lair:4 |    4957 |    7989 |  61.7 |      16 |      32 |  66.7
     Lair:5 |    3901 |    3116 |  44.4 |      14 |       8 |  36.4
     Lair:6 |   14235 |    8697 |  37.9 |      37 |      46 |  55.4
   Shoals:1 |    5038 |       0 |   0.0 |      12 |       0 |   0.0
   Shoals:2 |   11727 |    1992 |  14.5 |      23 |       1 |   4.2
   Shoals:3 |   15160 |    3199 |  17.4 |      35 |       6 |  14.6
   Shoals:4 |   14670 |   47220 |  76.3 |      35 |      52 |  59.8
    Snake:1 |   15912 |       0 |   0.0 |      29 |       0 |   0.0
    Snake:2 |    7235 |    5908 |  45.0 |      14 |      20 |  58.8
    Snake:3 |   26545 |   11609 |  30.4 |      42 |      15 |  26.3
    Snake:4 |   15998 |   40861 |  71.9 |      37 |      62 |  62.6
      Orc:1 |     692 |       0 |   0.0 |      16 |       0 |   0.0
      Orc:2 |       0 |   22694 | 100.0 |       0 |     155 | 100.0
      Elf:1 |    3130 |   30939 |  90.8 |       7 |      52 |  88.1
      Elf:2 |   12803 |   22731 |  64.0 |      18 |      29 |  61.7
      Elf:3 |   17476 |   66982 |  79.3 |      26 |      45 |  63.4
   Vaults:1 |   49417 |   19625 |  28.4 |      96 |      30 |  23.8
   Vaults:2 |   28708 |   53099 |  64.9 |      38 |      51 |  57.3
   Vaults:3 |   32856 |   13577 |  29.2 |      62 |      26 |  29.5
   Vaults:4 |   42963 |   30165 |  41.2 |      70 |      42 |  37.5
   Vaults:5 |   12736 |   61520 |  82.8 |      26 |      49 |  65.3
   Depths:1 |   38555 |   15752 |  29.0 |      51 |      22 |  30.1
   Depths:2 |   41685 |   32842 |  44.1 |      59 |      22 |  27.2
   Depths:3 |   52236 |   46164 |  46.9 |      61 |      49 |  44.5
   Depths:4 |   51864 |   19456 |  27.3 |      56 |      17 |  23.3
   Depths:5 |   39934 |   19667 |  33.0 |      36 |      14 |  28.0
    Volcano |       0 |    4635 | 100.0 |       0 |      21 | 100.0
     WizLab |       0 |   29041 | 100.0 |       0 |      33 | 100.0
 Desolation |       0 |   51815 | 100.0 |       0 |      96 | 100.0
   Gauntlet |       0 |    3972 | 100.0 |       0 |      11 | 100.0
            +---------+---------+-------+---------+---------+-------
